[Event "Serbian-ch Semifinal 2024"]
[Site "Paracin"]
[Date "2024.02.09"]
[Round "7.1"]
[White "Tadic, Stefan"]
[Black "Ivanisevic, Ivan"]
[Result "0-1"]
[ECO "C57"]
[WhiteElo "2390"]
[BlackElo "2517"]
[Annotator "TA"]
[PlyCount "72"]
[EventDate "2024.02.04"]
[EventType "swiss"]
[EventCountry "SRB"]
[SourceTitle "playchess.com"]
[Source "ChessBase"]
[SourceQuality "1"]
[TimeControl "40/5400+30:1800+30"]

1. e4 e5 2. Nf3 Nc6 3. Bc4 Nf6 4. Ng5 d5 5. exd5 b5 6. Bf1 Nxd5 7. Bxb5 Bb7 8. Qf3 Qd7 9. Nc3 {[%emt 0:08:46] White is slightly better.} Ndb4 10. Ba4 h6 $132 {[%emt 0:01:13][%mdl 2048] Black is not holding back} 11. Nge4 {[%emt 0:18:17] White wants to play a3.} O-O-O $1 12. a3 Nxc2+ 13. Bxc2 Nd4 14. Qd1 f5 {[%emt 0:01:31] [#] Repels f3} 15. d3 $1 fxe4 $11 16. dxe4 Ba6 (16... Qe6 $11 {remains equal.} 17. O-O Ba6) 17. Bd3 $16 Qe6 {[%emt 0:14:35][%cal Od4c2] ...Nc2+! would now be deadly.} 18. Nd5 (18. Bxa6+ $1 $16 Qxa6 19. Be3) 18... Bxd3 $1 $11 19. Qxd3 {[%emt 0:00:03] Strongly threatening Be3.} c6 20. Qa6+ Kb8 21. Ne3 {[%emt 0:00:08] Prevents Nc2+.} Nb3 {[%emt 0:03:53] Against b4} 22. Rb1 Nc5 23. Qc4 Nd3+ 24. Kf1 Qf6 25. Ng4 Qg6 26. f3 {[%emt 0:00:32] Hoping for Be3.} Bc5 27. Be3 Bxe3 28. Nxe3 {[%emt 0:00:01] Threatens to win with Rd1.} Qg5 29. Ke2 {[%emt 0:00:08][%cal Oh1d1] And now Rhd1! would win.} Nf4+ 30. Kf1 Rd3 {[%emt 0:00:47] Active counter play!} 31. Qxc6 $2 {[%emt 0:00:27][%mdl 8192] [#] This costs White the game.} Rc8 $1 $19 ({Inferior is} 31... Rxe3 32. Qb5+ Ka8 33. Qc6+ Kb8 34. Qb5+ Ka8 35. Qc6+ Kb8 $11) 32. Qb5+ Ka8 33. Qa6 (33. Rg1 $142 Rxe3 34. Qd7) 33... Rc7 (33... Rc2 $142 34. Rg1 Rxe3) 34. h4 (34. Qb5 $19 Rxe3 35. Qe8+ Kb7 36. Qb5+ Kc8 37. Qe8+ Qd8 38. Qxd8+ Kxd8 39. g3 Rxf3+ 40. Ke1) 34... Qg3 {[%emt 0:05:06] Black mates.} 35. Qb5 {[%emt 0:00:35] [#]} Rc8 $1 ({And not} 35... Rxe3 36. Qe8+ Kb7 37. Qb5+ Ka8 38. Qe8+ Kb7 39. Qb5+ Ka8 $11) 36. Qa6 {[%emt 0:01:27] [#]} Rc2 $3 {[%emt 0:01:05][%mdl 512] Weighted Error Value: White=0.58/Black=0.16 (very precise) .  Loses game:     	White=1     	---        Mistake:       	White=4     	Black=2      Inaccurate:     	White=2     	---        OK:         	White=11    	Black=14     Best:        	White=4     	Black=7      Strong:       	---       	Black=3} 0-1

[Event "Serbian-ch Semifinal 2024"]
[Site "Paracin"]
[Date "2024.02.09"]
[Round "7.2"]
[White "Kovacevic, Aleksandar"]
[Black "Cabarkapa, Novak"]
[Result "1-0"]
[ECO "B30"]
[WhiteElo "2453"]
[BlackElo "2434"]
[Annotator "TA"]
[PlyCount "80"]
[EventDate "2024.02.04"]
[EventType "swiss"]
[EventCountry "SRB"]
[SourceTitle "playchess.com"]
[Source "ChessBase"]
[SourceQuality "1"]
[TimeControl "40/5400+30:1800+30"]

1. e4 c5 2. Nf3 Nc6 3. Bb5 e6 4. Bxc6 bxc6 5. d3 Ne7 6. Nbd2 Qc7 7. O-O Ng6 8. Re1 {[%emt 0:01:20] The position is equal.} e5 9. c3 Be7 10. d4 cxd4 11. cxd4 d6 12. dxe5 dxe5 13. Nc4 O-O 14. Bd2 a5 15. Rc1 Rd8 16. Qb3 Bg4 ({Better is} 16... Be6 $15) 17. h3 (17. Nfxe5 $1 $14 Be6 (17... Nxe5 18. Bf4 $16) 18. Nf3) 17... Rdb8 18. Qd1 Be6 19. b3 f6 20. Qc2 Bb4 21. Red1 Bxd2 22. Rxd2 Nf4 23. Ne3 Qf7 24. Nh4 ({Much worse is} 24. Qxc6 Ne2+ (24... Rc8 25. Qxc8+ Bxc8 26. Rd8+ $14) 25. Rxe2 Rc8 $11) 24... g6 {[%emt 0:02:31][%cal Oa5a4] Dodges Nhf5} 25. Rd6 (25. Qxc6 $2 {is the wrong capture.} Rc8 $19) 25... c5 26. Kh2 (26. Qxc5 $2 {loses.} Rc8 27. Rc6 Ne2+ 28. Kh2 Nxc1 29. Qxc1 Qb7 30. Rxc8+ Rxc8 $19) 26... Rd8 (26... a4 $5) 27. Rxd8+ Rxd8 28. Qxc5 Rc8 29. Qa3 {[%emt 0:00:11] Black must now prevent Rxc8+.} Rxc1 30. Qxc1 Qd7 31. Qd1 Bxh3 $2 {[%emt 0:03:16] [#]} 32. g3 $1 $18 Nh5 33. Qe1 Be6 34. Qxa5 Qd3 35. Qb6 Bf7 (35... Ng7 36. b4 Qxe4) 36. Qb8+ Kg7 {[%emt 0:00:06] [#]} 37. Nef5+ $1 gxf5 38. Nxf5+ Kg6 {[%emt 0:00:07] [#]} 39. Qf8 $1 Kg5 (39... Qxe4 40. Nh4+ Kg5 41. Qxf7 Kh6 42. Qf8+ Kg5) 40. Qxf7 {[%emt 0:02:08] Threatening mate with Qg8+.} Qxe4 {[%emt 0:00:14] Weighted Error Value: White=0.09 (flawless) /Black=0.34.  Loses game:     	---       	Black=2      Mistake:       	White=1     	Black=3      Inaccurate:     	White=2     	Black=4      OK:         	White=14    	Black=12     Best:        	White=1     	Black=2      Strong:       	White=2     	---} 1-0

[Event "Serbian-ch Semifinal 2024"]
[Site "Paracin"]
[Date "2024.02.09"]
[Round "7.3"]
[White "Atalik, Suat"]
[Black "Tilicheev, Viacheslav"]
[Result "1-0"]
[ECO "D46"]
[WhiteElo "2439"]
[BlackElo "2487"]
[Annotator "TA"]
[PlyCount "59"]
[EventDate "2024.02.04"]
[EventType "swiss"]
[EventCountry "SRB"]
[SourceTitle "playchess.com"]
[Source "ChessBase"]
[SourceQuality "1"]
[TimeControl "40/5400+30:1800+30"]

1. d4 d5 2. c4 e6 3. Nc3 c6 4. e3 Nf6 5. Nf3 Nbd7 6. Qc2 Bd6 7. Bd3 O-O 8. O-O dxc4 9. Bxc4 b5 10. Bd3 Bb7 11. a3 a5 12. e4 {[%emt 0:01:10] Hoping for e5.} e5 13. dxe5 Nxe5 14. Nxe5 {[%emt 0:00:06] The position is equal.} Bxe5 15. h3 Re8 16. Be3 Qe7 17. f3 Rad8 18. Rad1 Bxc3 19. Qxc3 Nd5 20. exd5 Qxe3+ 21. Kh1 Qb6 ({Of course not} 21... cxd5 $6 22. Qxa5 Bc6 23. Rfe1 $16 (23. Bxb5 Bxb5 24. Qxb5 Qe2 $16)) (21... Rxd5 $2 22. Rfe1 $18) 22. d6 Bc8 (22... Re6 $1 $11) 23. b4 axb4 24. axb4 Re6 25. Qc5 $36 {[%emt 0:04:06][%mdl 2048] White is pushing.} Qxc5 26. bxc5 Re5 27. Rc1 Bf5 {[%emt 0:00:12] [#]} (27... Kf8 $14) 28. Bxf5 $1 $18 Rxf5 {[%emt 0:00:06] [#]} 29. Rfe1 {[%emt 0:00:24] Dodges Re5} ({But not} 29. Rfd1 $6 f6 $14) 29... b4 $2 (29... Rd5 {might work better.} 30. Re7 h5) 30. Re4 {[%emt 0:03:35] Weighted Error Value: White=0.09 (flawless) /Black=0.34.  Mistake:       	---       	Black=3      Inaccurate:     	White=2     	---        OK:         	White=10    	Black=5      Best:        	---       	Black=3      Strong:       	White=1     	---} 1-0

[Event "Serbian-ch Semifinal 2024"]
[Site "Paracin"]
[Date "2024.02.09"]
[Round "7.4"]
[White "Radovanovic, Nikola"]
[Black "Bryakin, Mikhail"]
[Result "1/2-1/2"]
[ECO "B12"]
[WhiteElo "2446"]
[BlackElo "2479"]
[Annotator "RC"]
[PlyCount "184"]
[EventDate "2024.02.04"]
[EventType "swiss"]
[EventCountry "SRB"]
[SourceTitle "playchess.com"]
[Source "ChessBase"]
[SourceQuality "1"]
[TimeControl "40/5400+30:1800+30"]

1. e4 c6 2. d4 d5 3. e5 Bf5 4. Nf3 e6 5. Be2 Bb4+ 6. c3 Ba5 7. O-O Nd7 8. Na3 Ne7 9. Nc2 O-O 10. Ne3 Bc7 11. Nxf5 Nxf5 12. Bd3 f6 13. exf6 Qxf6 14. Bg5 Qf7 15. Qe2 Rae8 16. Ne5 Nxe5 17. dxe5 Bd8 18. Bd2 Kh8 19. Kh1 g6 20. f4 h5 21. g3 Bb6 22. c4 Kg7 23. cxd5 cxd5 24. Rac1 Rc8 25. b4 a6 26. Rxc8 Rxc8 27. Rc1 Rxc1+ 28. Bxc1 Qc7 29. Qc2 Qd8 30. Kg2 Ba7 31. Kh3 Ne7 32. a4 Nf5 33. b5 axb5 34. axb5 Bb6 35. Ba3 Ne3 36. Qa4 Ng4 37. Kg2 h4 38. h3 Nf2 39. Qc2 hxg3 40. Kxg3 Nxd3 41. Qxd3 Qc8 42. Qb3 Qd7 43. Qb4 Qf7 44. Qe7 Qxe7 45. Bxe7 Be3 46. Kf3 Bc1 47. Bc5 Bb2 48. Be7 Bc3 49. Bg5 Kf7 50. Bd8 Bb4 51. Bb6 Bc3 52. Bd8 Bb2 53. Bb6 Kg7 54. Bd8 Kh6 55. Kg4 Bd4 56. Bg5+ Kg7 57. Kf3 Bc5 58. Ke2 Kf7 59. Bd8 Ke8 60. Ba5 Bg1 61. Kf3 Kf7 62. Bd8 Bc5 63. Ke2 Kg7 64. Bg5 Bb6 65. Kf3 Kf7 66. Bh4 Ke8 67. Be1 Kd7 68. Bb4 Bd4 69. Ba5 Bb2 70. Bb4 Kc8 71. Ba5 Ba3 72. Bc3 Bc5 73. Ba5 Kd7 74. Be1 Bb6 75. Bb4 Ke8 76. Be1 Bc5 77. Ba5 Kf8 78. Bd8 Kf7 79. Ke2 Bg1 80. Kf3 Kg7 81. Bg5 Bd4 82. Ke2 Bb2 83. Kf3 Ba3 84. Ke2 Bb4 85. Kf3 Kf7 86. Bd8 Kg8 87. Bg5 Kh7 88. Ke2 Bc5 89. Kf3 Bf8 90. Ke3 Kg7 91. Kf3 Kf7 92. Bd8 Bc5 1/2-1/2

[Event "Serbian-ch Semifinal 2024"]
[Site "Paracin"]
[Date "2024.02.09"]
[Round "7.5"]
[White "Injac, Teodora"]
[Black "Pap, Misa"]
[Result "1/2-1/2"]
[ECO "A35"]
[WhiteElo "2439"]
[BlackElo "2422"]
[Annotator "TA"]
[PlyCount "85"]
[EventDate "2024.02.04"]
[EventType "swiss"]
[EventCountry "SRB"]
[SourceTitle "playchess.com"]
[Source "ChessBase"]
[SourceQuality "1"]
[TimeControl "40/5400+30:1800+30"]

1. Nf3 c5 2. c4 Nc6 3. Nc3 g6 4. e3 Nf6 5. d4 cxd4 6. exd4 d5 7. cxd5 Nxd5 8. Qb3 Nxc3 9. Bc4 Nd5 10. Bxd5 e6 11. Bxc6+ bxc6 12. O-O f6 13. Qe3 Qd5 14. Bd2 Be7 {[%emt 0:08:09] White has an edge.} 15. a3 a5 {[%emt 0:00:27] Prevents Bb4.} 16. Rfe1 O-O 17. b4 Bd7 (17... axb4 $11 {remains equal.} 18. Bxb4 Bxb4 19. axb4 Rb8) 18. h4 (18. bxa5 $16 c5 19. dxc5) 18... Rab8 {[%emt 0:24:59][%cal Ra5b4] Prevents} 19. Rab1 Qf5 20. Rb3 a4 21. Rc3 Rb5 22. Qe2 Kg7 23. Nh2 (23. Re3 $14) 23... Re8 (23... Qh5 {is interesting.} 24. Qe4 Qf5 25. Qe3 Bd6) 24. Re3 {[%emt 0:04:35][%cal Od4d5] Hoping for d5!} Qd5 25. Bc3 Bd8 26. Nf3 Bb6 27. Re4 Bc7 28. Bb2 h5 (28... Kg8 $14) 29. Nd2 $16 Qd6 30. g3 Qd5 (30... Kh7 $16 {was worth a try.} 31. Re3 f5) 31. Nb1 Qf5 32. Nc3 Rd5 (32... Rbb8 $16 33. Nxa4 Kf7) 33. Nxa4 $18 Bc8 34. Nc5 Kf7 35. Re3 Qh3 36. Qf3 {[%emt 0:02:09] Strongly threatening Ne4.} Re7 (36... Qg4 $16 {keeps fighting.} 37. Ne4 Qxf3 38. Rxf3 Bd8) 37. Ne4 Rf5 38. Qe2 Qg4 39. Nc5 $2 {[%emt 0:01:53] [#]} (39. Qc2 $18 {has better winning chances.}) 39... g5 40. hxg5 (40. Nxe6 $2 {too greedy.} Qxe2 (40... gxh4 $2 {is the wrong capture.} 41. Nd8+ Kg6 42. Qxg4+ hxg4 43. Rxe7 $18) 41. R1xe2 Rxe6 (41... Bxe6 $2 42. hxg5 Rxg5 43. Rc3 $19) 42. hxg5 fxg5 $19 (42... Rxg5 $2 43. a4 $19)) 40... Rxg5 41. Ne4 {[%emt 0:09:21] Really sharp! White is more active.} Rd5 42. Nc5 ({White should play} 42. Kg2 $16) 42... Bb6 (42... Rg5 $1 $11) 43. Rc1 {[%emt 0:04:53] Weighted Error Value: White=0.29 (precise) /Black=0.32.  Missed win:     	White=1     	---        Mistake:       	White=4     	Black=6      Inaccurate:     	White=2     	Black=5      OK:         	White=7     	Black=7      Best:        	White=1     	---} ({Better is} 43. Qc2 $16 Bxc5 44. dxc5) 1/2-1/2

[Event "Serbian-ch Semifinal 2024"]
[Site "Paracin"]
[Date "2024.02.09"]
[Round "7.6"]
[White "Djordjevic, Vuk"]
[Black "Ratkovic, Milovan"]
[Result "1/2-1/2"]
[ECO "D00"]
[WhiteElo "2367"]
[BlackElo "2396"]
[Annotator "TA"]
[PlyCount "82"]
[EventDate "2024.02.04"]
[EventType "swiss"]
[EventCountry "SRB"]
[SourceTitle "playchess.com"]
[Source "ChessBase"]
[SourceQuality "1"]
[TimeControl "40/5400+30:1800+30"]

1. d4 d5 2. Bf4 Nf6 3. e3 e6 4. Nd2 Bd6 5. Bg3 c5 6. c3 Qc7 7. dxc5 Qxc5 8. Bd3 Bxg3 9. hxg3 Nc6 10. Qe2 e5 11. e4 Bg4 12. Ngf3 O-O-O 13. O-O Kb8 14. Nb3 Qe7 15. exd5 Rxd5 16. Bc4 Rd6 {[%emt 0:04:19] [#] Strongly threatening ...e4.} 17. Qe3 Nd5 18. Qg5 Bxf3 19. Qxe7 (19. Qxg7 Qe8 20. gxf3 Rg8 (20... Rg6 21. Qxh8 Qxh8 22. Bxd5 $17) 21. Qxh7 Rh8 $19) 19... Ncxe7 20. gxf3 Rc8 21. Be2 Nb6 22. Rfe1 f6 23. Rac1 Na4 24. Rc2 a6 25. f4 exf4 26. Bxa6 {[%emt 0:00:40] [#] Threatens to win with Bb5.} Nf5 27. Be2 Re6 {[%emt 0:04:27] White must now prevent ...f3.} 28. Rf1 fxg3 29. Bg4 Re5 30. Bxf5 Rxf5 31. fxg3 Rg5 32. Kh2 Re8 33. Rf3 Nb6 34. Nd4 Nc4 {[%emt 0:00:18] ...Rh5+ would now be deadly.} 35. b3 Ne5 36. Rf4 Nd3 37. Rf5 {[%emt 0:00:29] The position is equal.} Rxf5 38. Nxf5 g6 39. Nd4 f5 40. Rd2 Nc5 41. Nb5 b6 {[%emt 0:08:57] Weighted Error Value: White=0.05 (flawless) /Black=0.06 (flawless) .  Inaccurate:     	White=3     	Black=3      OK:         	White=16    	Black=17     Best:        	White=1     	---} 1/2-1/2

[Event "Serbian-ch Semifinal 2024"]
[Site "Paracin"]
[Date "2024.02.09"]
[Round "7.7"]
[White "Ivanovic, Marko"]
[Black "Nestorovic, Nikola"]
[Result "0-1"]
[ECO "D00"]
[WhiteElo "2245"]
[BlackElo "2465"]
[Annotator "TA"]
[PlyCount "56"]
[EventDate "2024.02.04"]
[EventType "swiss"]
[EventCountry "SRB"]
[SourceTitle "playchess.com"]
[Source "ChessBase"]
[SourceQuality "1"]
[TimeControl "40/5400+30:1800+30"]

1. d4 Nf6 2. Bg5 d5 3. e3 c5 4. Bxf6 gxf6 5. dxc5 e6 6. c4 dxc4 7. Nd2 c3 8. bxc3 {[%emt 0:00:02] The position is equal.} Bxc5 9. Qh5 Be7 10. Ngf3 Nc6 11. Bb5 Bd7 12. O-O Qc7 13. Rab1 a6 14. Be2 (14. Bxc6 {keeps more tension.} Bxc6 15. Nd4 O-O 16. c4) 14... f5 (14... h6 $11 {keeps the balance.}) 15. e4 fxe4 16. Nxe4 O-O-O 17. Rb2 (17. Qxf7 $16 h5 18. Ned2) 17... f5 $11 18. Ned2 Na5 19. Rfb1 Bc5 (19... Qxc3 $11 {was preferrable.} 20. Nb3 Nc6) 20. Nd4 $14 Bxd4 21. cxd4 Bc6 22. Rb4 (22. Qh6 $14) 22... Rhg8 ({Better is} 22... Bd5 $11) 23. Bf3 (23. g3 {looks sharper.} Rg7 24. Qh6 Kb8 25. Bxa6 f4 26. Rc1) 23... Bxf3 24. Qxf3 {[%emt 0:01:06][%cal Od2c4] Strongly threatening Nc4!} Rg7 25. Qe2 (25. Qa3 $16 {And now Rc1 would win.} Rd6 26. Ra4) 25... Qd6 26. Ra4 $2 (26. g3 $11) 26... Qc6 $1 $19 {[%emt 0:01:01][%csl Gg7,LRa4,LRg2][%cal Rc6g2] [#] Black is clearly winning.} 27. Nf3 Qxa4 28. Qxe6+ Qd7 {[%emt 0:01:08] Weighted Error Value: White=0.51/Black=0.16 (very precise) .  Loses game:     	White=1     	---        Mistake:       	White=3     	Black=3      Inaccurate:     	White=2     	Black=2      OK:         	White=8     	Black=8      Best:        	---       	Black=3} 0-1

[Event "Serbian-ch Semifinal 2024"]
[Site "Paracin"]
[Date "2024.02.09"]
[Round "7.8"]
[White "Sedlak, Nikola"]
[Black "Stankovic, Boris"]
[Result "1/2-1/2"]
[ECO "B40"]
[WhiteElo "2463"]
[BlackElo "2310"]
[Annotator "TA"]
[PlyCount "120"]
[EventDate "2024.02.04"]
[EventType "swiss"]
[EventCountry "SRB"]
[SourceTitle "playchess.com"]
[Source "ChessBase"]
[SourceQuality "1"]
[TimeControl "40/5400+30:1800+30"]

1. e4 c5 2. Nf3 e6 3. b3 a6 4. Bb2 Nc6 5. g3 d6 6. d4 {[%emt 0:02:00] B40: Sicilian: 2...e6, Unusual lines.} cxd4 7. Nxd4 e5 8. Nxc6 $146 ({Predecessor:} 8. Ne2 Nf6 9. Bg2 Be7 10. O-O O-O 11. h3 b5 12. a4 Bb7 13. Nbc3 Qb6 14. Qd2 {1-0 Pranav,V (2548)-Hambleton,A (2437) Titled Tuesday intern op 29th Nov Late blitz 2022 (3)}) 8... bxc6 9. Bg2 Nf6 10. O-O h5 11. h3 Be7 12. Nd2 Be6 13. c4 Qd7 14. h4 Ng4 15. Nf3 f6 16. Qe2 a5 17. Bc3 O-O 18. Nh2 a4 19. b4 Qe8 20. Nxg4 hxg4 21. Bd2 Qf7 22. Rfc1 a3 23. Be3 Ra4 24. Rab1 Rb8 25. Bd2 c5 26. Qd1 Qe8 27. bxc5 Rxb1 28. Rxb1 dxc5 (28... Rxc4 $11 29. Bf1 Rxc5) 29. Bf1 $14 Qd7 30. Rb7 Qxb7 31. Qxa4 Kf7 32. Qxa3 Qxe4 33. Qb3 f5 34. a4 f4 (34... Qc6 $11) 35. Qd3 Qc6 (35... Qxd3 $11 36. Bxd3 e4 37. Bxe4 fxg3) 36. gxf4 $16 exf4 37. Bxf4 Bxh4 38. a5 Qa4 39. Qh7 Be7 $2 (39... Bxc4 $16 {keeps fighting.} 40. Qh5+ (40. Qxh4 Qd1 $14) 40... Kg8) 40. Qh5+ $18 Kf8 41. Qe5 Bd7 42. Bd2 Qc6 43. Bg2 Qd6 44. Bf4 Qxe5 45. Bxe5 Bc8 46. Bc6 ({White must play} 46. Bc7 $1 $18 {aiming for Bc6.} Kf7 47. Bd5+ Kf6 48. Kh2) 46... Bd8 $1 $14 47. Bc3 Bc7 (47... Ke7 $14) 48. Bb5 $1 $16 g3 {[%emt 0:02:06] [#]} 49. a6 (49. f3 $1 $16) 49... gxf2+ $14 50. Kxf2 g5 51. Bf6 g4 52. Bh4 Kf7 {[%emt 0:01:03] [#]} 53. Bg3 ({White should try} 53. Bg5 $1 $16) 53... Bxg3+ $1 $11 54. Kxg3 Ke7 55. a7 Bb7 56. Ba6 Ba8 57. Bc8 Kd6 58. Kxg4 (58. Bxg4 $5 Kc7 $8 59. Bh5 $14) 58... Kc7 59. Be6 Kb6 60. Bd5 Kxa7 1/2-1/2

[Event "Serbian-ch Semifinal 2024"]
[Site "Paracin"]
[Date "2024.02.09"]
[Round "7.9"]
[White "Milosevic, Milos"]
[Black "Eric, Jovana"]
[Result "1/2-1/2"]
[ECO "B51"]
[WhiteElo "2388"]
[BlackElo "2124"]
[Annotator "TA"]
[PlyCount "99"]
[EventDate "2024.02.04"]
[EventType "swiss"]
[EventCountry "SRB"]
[SourceTitle "playchess.com"]
[Source "ChessBase"]
[SourceQuality "1"]
[TimeControl "40/5400+30:1800+30"]

1. e4 c5 2. Nf3 d6 3. Bb5+ Nd7 4. O-O a6 5. Bd3 Ngf6 6. Re1 {[%emt 0:00:15] B51: Sicilian: Moscow Variation (3 Bb5+) without 3...Bd7.} e6 7. c3 {[%emt 0:00:18] 7.c3 was played by the boomers.} Be7 8. Bc2 b5 9. d4 Bb7 10. Bg5 h6 11. Bh4 e5 12. Nbd2 O-O 13. Nf1 Re8 $146 ({Predecessor:} 13... exd4 14. cxd4 d5 15. e5 Ne4 16. Bxe7 Qxe7 17. Ne3 cxd4 18. Nf5 Qe6 19. N3xd4 Qxe5 {0-1 Zeliantsova,K (1970)-Beydullayeva,G (2264) World Cup U18 Girls Prel rapid 2021 (3)}) 14. d5 Nf8 15. Bxf6 Bxf6 16. a4 c4 17. Ne3 g6 18. Ra3 Nd7 19. b3 cxb3 20. Rxb3 Nc5 21. Rb4 bxa4 22. Bxa4 Rf8 23. Bc6 Ra7 24. Qb1 (24. Nc4 $11) 24... Qc7 $1 $15 25. Rb6 a5 26. Nc4 Ba6 27. Bb5 $1 Rb8 28. Rxb8+ Qxb8 29. Na3 Bxb5 30. Nxb5 Rb7 31. c4 Bd8 32. Re2 Bb6 33. h4 Kg7 34. h5 Qd8 (34... gxh5 35. Nh4 Kh7 36. Nf5 $16) 35. g3 Qf6 (35... gxh5 $6 36. Kg2 $14) 36. Kg2 a4 (36... gxh5 37. Nh4 Rd7 38. Re3 $16 (38. Nf5+ Kh7 $14)) 37. Ra2 Nb3 (37... gxh5 $6 38. Nh4 $14) (37... Qe7 $11) 38. Qd1 (38. Qc2 $16 Nc5 39. Nc3) 38... Nc5 $11 39. Qc2 Ba5 (39... gxh5 $6 40. Nc3 $16) 40. Qe2 Bb4 (40... gxh5 $2 41. Nh4 $18) 41. Nh4 a3 (41... Kh7 $11) 42. Qc2 (42. Nxa3 {simplifies} Bxa3 43. Rxa3 Qg5 44. Ra1) 42... Rb8 43. Qb1 (43. hxg6 {simplifies} fxg6 44. Nxa3 Bxa3 45. Rxa3 Rb7 46. Qe2) 43... Na6 44. Qd1 (44. Nxa3 $2 {is the wrong capture.} Bxa3 (44... gxh5 $2 {loses.} 45. Nf5+ Kh7 46. Nb5 $18) 45. Qe1 Bb4 $19) (44. Qc2 $6 Nc5 $16) 44... Bc5 (44... Nc5 $11) 45. Nf3 (45. Nxa3 $16 {And now Nb5 would win.} Nb4 46. Rb2) 45... Ra8 $1 $11 46. Qb3 g5 {[%emt 0:04:46] [#]} (46... Nb4 $11 47. Rxa3 Rxa3 48. Qxa3 gxh5) 47. Re2 $2 ({Of course not} 47. Nxa3 $6 Nb4 48. Rd2 Nxd5 $11) (47. Nh2 $1 $16) 47... Nb4 $15 48. Nxa3 {[%emt 0:00:00] [#]} Nxd5 (48... Nd3 $1 $15 49. Nb5 Nc1) 49. Nc2 Ne7 50. Nh2 1/2-1/2

[Event "Serbian-ch Semifinal 2024"]
[Site "Paracin"]
[Date "2024.02.09"]
[Round "7.10"]
[White "Pogorelskikh, Sofia"]
[Black "Arsovic, Zoran"]
[Result "1/2-1/2"]
[ECO "B55"]
[WhiteElo "2198"]
[BlackElo "2362"]
[Annotator "RC"]
[PlyCount "92"]
[EventDate "2024.02.04"]
[EventType "swiss"]
[EventCountry "SRB"]
[SourceTitle "playchess.com"]
[Source "ChessBase"]
[SourceQuality "1"]
[TimeControl "40/5400+30:1800+30"]

1. e4 c5 2. Nf3 d6 3. d4 cxd4 4. Nxd4 Nf6 5. f3 Nc6 6. c4 Qb6 7. Nc2 e6 8. Nc3 Be7 9. Bd3 Nd7 10. Be3 Qxb2 11. Qd2 Bf6 12. Nb5 a6 13. Nxd6+ Ke7 14. Nxc8+ Rhxc8 15. O-O Qc3 16. Qxc3 Bxc3 17. Rab1 Na5 18. Be2 Be5 19. Rfd1 Rc7 20. f4 Bd6 21. e5 Bc5 22. Bxc5+ Nxc5 23. Nd4 Rd8 24. Nb3 Rxd1+ 25. Bxd1 Naxb3 26. axb3 a5 27. Bc2 Rd7 28. Rd1 b5 29. cxb5 Rb7 30. Kf2 Rxb5 31. Rb1 h5 32. g3 g6 33. Ke3 Rb4 34. Kd2 Kd7 35. Kc3 Kc7 36. Rd1 Ne4+ 37. Bxe4 Rxe4 38. Rd6 Re2 39. h4 Rg2 40. Rd3 Kc6 41. Kc4 Rc2+ 42. Rc3 Ra2 43. Rd3 Re2 44. Rd6+ Kc7 45. Rd3 Kc6 46. Rd6+ Kc7 1/2-1/2